 Dungeon Sprint DCSS version 0.21.0-25-ge575cb9 (webtiles) character file.

22500000 doot the Conqueror (level 27, -27/249 HPs)
             Began as a Formicid Chaos Knight on Jan 23, 2018.
             Was the Champion of Makhleb.
             Killed from afar by a dread (29 damage)
             ... with damnation
             ... in the Dungeon (Sprint VIII: "Arena of Blood").
             The game lasted 00:07:31 (225 turns).

doot the Conqueror (Formicid Chaos Knight)           Turns: 225, Time: 00:07:31

Health: -27/249    AC:  8    Str: 18    XL:     27
Magic:  54/54      EV: 33    Int: 15    God:    Makhleb [******]
Gold:   0          SH:  0    Dex: 19    Spells: 80/80 levels left

rFire    + . .     SeeInvis +   i - +∞ Axe of Woe
rCold    . . .     Gourm    .   (no shield)
rNeg     . . .     Faith    .   a - +2 leather armour
rPois    .         Spirit   .   (helmet unavailable)
rElec    .         Reflect  .   (no cloak)
rCorr    .         Harm     .   (no gloves)
MR       ++...                  (no boots)
Stlth    +++++++++.             (no amulet)
HPRegen  0.51/turn              j - ring of protection from fire
MPRegen  0.34/turn              (no ring)

@: lethally poisoned (-27 -> -32), drained
A: permanent stasis, dig shafts and tunnels, four strong arms, antennae 3
a: Dig, Minor Destruction, Lesser Servant of Makhleb, Major Destruction, Greater
Servant of Makhleb, Renounce Religion


You were in the Dungeon.
You worshipped Makhleb.
Makhleb was exalted by your worship.
You were not hungry.

You visited 1 branch

Inventory:

Hand Weapons
 i - the +∞ Axe of Woe (weapon)
   (You found it in the Dungeon)
Armour
 a - a +2 leather armour (worn)
Jewellery
 j - a ring of protection from fire (left hand)
Scrolls
 h - a scroll of blinking
Potions
 e - a potion of haste
 f - 2 potions of magic
 g - a potion of berserk rage
Comestibles
 b - a ration


   Skills:
 O Level 27(25.5) Fighting
 O Level 27(25.5) Axes
 O Level 27(25.5) Throwing
 O Level 27(25.5) Armour
 O Level 27(25.5) Dodging
 O Level 27(25.5) Stealth
 O Level 27(25.5) Unarmed Combat
 O Level 27(25.5) Spellcasting
 O Level 27(25.5) Invocations


You had 80 spell levels left.
You didn't know any spells.

Dungeon Overview and Level Annotations

Branches:
Dungeon (1/1)

Altars:
Makhleb

Annotations:
D The Captor


Innate Abilities, Weirdness & Mutations

You cannot be hasted, slowed, berserked, paralysed or teleported.
You can dig through walls and to a lower floor.
Your four strong arms can wield two-handed weapons with a shield.
You have a pair of large antennae on your head. (SInv)


Message History

The meat berserker shouts!
A hydra, a molten gargoyle and a hell beast come into view.
You extend your mandibles.
You dig through the rock wall.
You hear a shout! x2
Some rock shatters into small pieces.
The meat berserker rages.
You hear a shout! x5
The scourge breathes poison at you. The blast of poison engulfs you!
You are poisoned.
You hear a shout! x2
The wretched soul breathes negative energy at you.
The bolt of negative energy hits you!
You feel drained.
Ouch! That really hurt!
* * * LOW HITPOINT WARNING * * *
The dread throws damnation at you.
The sphere of damnation explodes!
The damnation engulfs you!
You die...
Xom bursts into laughter!

.###..{ #..... #.#
D§W.S.# ..... #.#
...9V.. .... ##.#
#..OO..{.W# ##.##
......x#..######.##
{.2.D.WS.....##
#.#§W#W#######
#.§§#§# #.2##@§#
#.. #§#§# #.. ## §#
#. .# #. #. # #


You could see a meat beast, an eight-headed meat hydra, a destroyer, 2 scourges,
2 wretched souls, 3 dreads, a vile, 2 meat berserkers and a crawling corpse.

Vanquished Creatures
  A molten gargoyle (D)
  A vampire knight (D)
  17 ogres (D)
  A hydra (D)
  24 orcs (D)
  A skeletal warrior (D)
  2 sea snakes (D)
  A large abomination (D)
48 creatures vanquished.

Notes
Turn   | Place    | Note
-------+----------+-------------------------------------------
     0 | D        | Found the +∞ Axe of Woe
     0 | D        | doot the Formicid Chaos Knight began the quest for the Orb.
     0 | D        | Reached XP level 1. HP: 18/18 MP: 1/1
     3 | D        | Noticed a bag of meat
     4 | D        | Fell from the grace of Xom
     4 | D        | Became a worshipper of Makhleb the Destroyer
     5 | D        | Noticed a bag of meat
     6 | D        | Noticed a meat berserker
     6 | D        | Killed a bag of meat
     6 | D        | Reached skill level 5 in Axes
     6 | D        | Reached XP level 2. HP: 51/51 MP: 2/2
     6 | D        | Reached XP level 3. HP: 58/58 MP: 3/3
     6 | D        | Reached XP level 4. HP: 65/65 MP: 4/4
     6 | D        | Reached XP level 5. HP: 72/72 MP: 5/5
     6 | D        | Reached XP level 6. HP: 79/79 MP: 6/6
     6 | D        | Reached XP level 7. HP: 85/85 MP: 7/7
     6 | D        | Reached XP level 8. HP: 93/93 MP: 8/8
     6 | D        | Reached XP level 9. HP: 99/99 MP: 9/9
     6 | D        | Reached XP level 10. HP: 107/107 MP: 10/10
     6 | D        | Reached XP level 11. HP: 113/113 MP: 11/11
     6 | D        | Reached XP level 12. HP: 120/120 MP: 12/12
     7 | D        | Noticed a bag of meat
     7 | D        | Noticed a meat berserker
     7 | D        | Noticed a meat berserker
     8 | D        | Noticed a meat berserker
     9 | D        | Noticed a bag of meat
     9 | D        | Killed a bag of meat
     9 | D        | Reached * piety under Makhleb
     9 | D        | Reached XP level 13. HP: 134/134 MP: 13/13
    10 | D        | Noticed a bag of meat
    10 | D        | Noticed a bag of meat
    10 | D        | Noticed a meat berserker
    10 | D        | Noticed a bag of meat
    10 | D        | Noticed a bag of meat
    10 | D        | Killed a meat berserker
    10 | D        | Reached skill level 15 in Axes
    10 | D        | Reached XP level 14. HP: 151/151 MP: 14/14
    10 | D        | Reached XP level 15. HP: 158/158 MP: 15/15
    10 | D        | Killed a meat berserker
    10 | D        | Reached skill level 27 in Fighting
    10 | D        | Reached XP level 16. HP: 167/167 MP: 16/16
    10 | D        | Killed a meat berserker
    10 | D        | Reached ** piety under Makhleb
    11 | D        | Noticed a meat berserker
    11 | D        | Noticed a meat berserker
    11 | D        | Noticed a meat berserker
    12 | D        | Killed a meat berserker
    12 | D        | Reached skill level 27 in Axes
    12 | D        | Reached XP level 17. HP: 174/174 MP: 17/17
    12 | D        | Killed a meat berserker
    12 | D        | Reached skill level 27 in Armour
    12 | D        | Reached XP level 18. HP: 182/182 MP: 18/18
    13 | D        | Noticed a meat berserker
    14 | D        | Reached *** piety under Makhleb
    14 | D        | Reached XP level 19. HP: 189/189 MP: 19/19
    14 | D        | Killed a meat berserker
    14 | D        | Reached **** piety under Makhleb
    14 | D        | Reached skill level 27 in Dodging
    14 | D        | Reached XP level 20. HP: 197/197 MP: 19/35
    17 | D        | Reached skill level 15 in Invocations
    17 | D        | Killed a meat berserker
    17 | D        | Reached XP level 21. HP: 204/204 MP: 19/42
    17 | D        | Reached ***** piety under Makhleb
    17 | D        | Killed a meat berserker
    17 | D        | Reached skill level 27 in Stealth
    17 | D        | Reached XP level 22. HP: 212/212 MP: 19/48
    18 | D        | Noticed a meat berserker
    18 | D        | Noticed a destroyer
    20 | D        | Noticed a meat berserker
    21 | D        | Noticed a large bag of meat
    22 | D        | Killed a meat berserker
    22 | D        | Reached skill level 27 in Invocations
    24 | D        | Noticed a destroyer
    24 | D        | Noticed a meat berserker
    25 | D        | Noticed a meat berserker
    26 | D        | Noticed a large bag of meat
    26 | D        | Noticed a destroyer
    27 | D        | Noticed a meat berserker
    28 | D        | Noticed a meat berserker
    28 | D        | Killed a meat berserker
    28 | D        | Reached skill level 27 in Throwing
    28 | D        | Reached skill level 27 in Spellcasting
    28 | D        | Reached XP level 23. HP: 219/219 MP: 22/54
    28 | D        | Reached ****** piety under Makhleb
    28 | D        | Reached skill level 27 in Unarmed Combat
    32 | D        | Killed a destroyer
    32 | D        | Reached XP level 24. HP: 227/227 MP: 24/54
    35 | D        | Reached XP level 25. HP: 234/234 MP: 25/54
    39 | D        | Reached XP level 26. HP: 242/242 MP: 26/54
   146 | D        | Noticed a destroyer
   146 | D        | Noticed a destroyer
   146 | D        | Noticed a tyrant
   146 | D        | Noticed The Captor
   146 | D        | Noticed a dread
   146 | D        | Noticed a meat beast
   146 | D        | Noticed a fleshlord
   173 | D        | Noticed a destroyer
   173 | D        | Noticed a meat beast
   173 | D        | Noticed a fleshlord
   173 | D        | Noticed a destroyer
   192 | D        | XOM: medium Tloc miscast
   203 | D        | Noticed a dread
   204 | D        | Noticed an accursed
   204 | D        | Noticed a dread
   206 | D        | Reached XP level 27. HP: 249/249 MP: 54/54
   215 | D        | Noticed a vile
   219 | D        | Noticed a dread
   219 | D        | Noticed a dread
   220 | D        | Killed a vile
   225 | D        | Noticed a meat beast
   225 | D        | Noticed a destroyer
   225 | D        | Noticed a vile
   225 | D        | HP: 2/249 [wretched soul/bolt of negative energy (130)]
   225 | D        | Killed from afar by a dread

Skill      XL: |  1  2  3  4  5  6  7  8  9 10 11 12 13 14 15 16 17 18 19 20 21 22 23 |
---------------+----------------------------------------------------------------------+-----
Fighting       | 19 22 26 27 | 27.0
Axes           | 5 11 15 20 27 | 27.0
Armour         | 11 13 16 19 24 27 | 27.0
Dodging        | 3 4 6 7 11 18 23 27 | 27.0
Unarmed Combat | 18 22 27 | 27.0
Throwing       | 11 17 22 27 | 27.0
Stealth        | 14 21 27 | 27.0
Spellcasting   | 11 17 22 27 | 27.0
Invocations    | 13 20 25 27 | 27.0

Action                   |  1- 3 |  4- 6 |  7- 9 | 10-12 | 13-15 | 16-18 | 19-21 | 22-24 | 25-27 || total
-------------------------+-------+-------+-------+-------+-------+-------+-------+-------+-------++-------
Melee: Executioner's axe |     1 |       |       |     1 |     1 |     2 |     1 |     4 |    13 ||    23
Invok: Greater Servant o |       |       |       |       |       |       |       |       |     2 ||     2
 Abil: Dig               |     1 |       |       |       |       |       |       |       |     4 ||     5
  Use: Potion            |       |       |       |       |       |       |       |       |     2 ||     2
Dodge: Dodged            |       |       |       |       |       |     1 |       |     4 |     2 ||     7
